 Dungeon Crawl Stone Soup version 0.30.1-4-g462c640d31 (webtiles) character file.

Game seed: 2945445379060366928

40 shmup the Firebug (level 3, -1/19 HPs)
             Began as a Tengu Fire Elementalist on Aug 10, 2023.
             Slain by Robin
             ... wielding a +5 dagger of freezing
              (6 damage)
             ... on level 2 of the Dungeon.
             The game lasted 00:02:36 (1053 turns).

shmup the Firebug (Tengu Fire Elementalist)         Turns: 1053, Time: 00:02:37

Health: -1/19      AC:  2    Str:  8    XL:     3   Next: 50%
Magic:  0/7        EV: 12    Int: 17    God:
Gold:   48         SH:  0    Dex: 14    Spells: 3/6 levels left

rFire   . . .        j - +0 short sword
rCold   . . .        (no shield)
rNeg    . . .        a - +0 robe
rPois   .            (helmet restricted)
rElec   .            (no cloak)
rCorr   .            (no gloves)
SInv    .            (boots unavailable)
Will    .....        (no amulet)
Stlth   ++           (no ring)
HPRegen 0.23/turn    (no ring)
MPRegen 0.10/turn

%: no passive effects
@: no status effects
A: beak, talons 3
a: no special abilities


You were on level 2 of the Dungeon.
You visited 1 branch of the dungeon, and saw 2 of its levels.

You collected 48 gold pieces.

Inventory:

Hand Weapons
 j - a +0 short sword (weapon)
Missiles
 g - 16 stones (quivered)
Armour
 a - a +0 robe (worn)
 i - a scarf of harm
Scrolls
 e - 4 scrolls of identify {unknown}
 h - a scroll of blinking {unknown}
Potions
 b - a potion of magic
 c - 2 potions of curing {unknown}
 d - a potion of might {unknown}
 f - a potion of cancellation {unknown}


   Skills:
 - Level 2.1 Dodging
 - Level 2.0 Stealth
 - Level 2.0 Spellcasting
 + Level 2.6 Conjurations
 * Level 4.4 Fire Magic


You had 3 spell levels left.
You knew the following spells:

 Your Spells              Type           Power      Damage    Failure   Level
a - Foxfire               Conj/Fire      52%        2x1d6     4%          1
b - Scorch                Fire           32%        2d6       4%          2

Your spell library contained the following spells:

 Spells                   Type           Power      Damage    Failure   Level
 Inner Flame              Hex/Fire       9%         N/A       24%         3
 Volatile Blastmotes      Fire/Tloc      18%        2d11      24%         3
 Flame Wave               Conj/Fire      13%        2d6       41%         4


Dungeon Overview and Level Annotations

Branches:
Dungeon (2/15) Zot: 10946

Altars:

Annotations:
D:2 Robin


Innate Abilities, Weirdness & Mutations

You have a beak for a mouth.
You have claws for feet.


Message History

The foxfire hits the goblin.
You kill the goblin!
The foxfire hits Robin but does no damage.
Casting: Foxfire (safe; 4% risk of failure)
Confirm with . or Enter, or press ? or * to list all spells.
Flames lash the hobgoblin.
The hobgoblin is almost dead.
The hobgoblin's fire resistance burns away.
Robin completely misses you.
Unknown command.
Unknown command.
Casting: Scorch (safe; 4% risk of failure)
Confirm with . or Enter, or press ? or * to list all spells.
You don't have enough magic to cast this spell.
Unknown command.
Unknown command.
Unknown command.
Casting: Scorch (safe; 4% risk of failure)
Confirm with . or Enter, or press ? or * to list all spells.
You conjure some foxfire!
The foxfire hits Robin.
Robin is lightly wounded.
The foxfire hits Robin.
Robin is moderately wounded.
Unknown command.
Unknown command.
Unknown command.
You barely miss the hobgoblin. You claw the hobgoblin.
You kill the hobgoblin!
Robin hits you but does no damage.
Unknown command.
Unknown command.
Casting: Foxfire (safe; 4% risk of failure)
Confirm with . or Enter, or press ? or * to list all spells.
You conjure some foxfire!
Robin barely misses you.
The foxfire hits Robin.
Robin is moderately wounded.
The foxfire hits Robin but does no damage.
Robin is moderately wounded.
Robin hits you with a +5 dagger of freezing.
You die...

▒▒.▒▒ ▒.▒ ...
▒.▒ ▒.▒ ▒.▒
▒.▒▒▒▒▒ ▒.▒
▒.▒... ▒.▒
▒.▒.▒▒ ▒.▒
▒....▒▒
▒▒.▒▒▒▒g.▒..▒
▒)....)Q....▒
▒)..▒▒▒▒▒▒▒.▒
▒..)▒.▒
▒.▒..▒▒.▒
▒.▒▒... ...
▒▒ ▒)▒▒ ▒▒.
.. . ▒▒.


You could see Robin.

Vanquished Creatures
  2 dart slugs (D:1)
  6 ball pythons
  An endoplasm (D:1)
  A giant cockroach (D:1)
  6 goblins
  3 hobgoblins
  3 jackals (D:1)
  4 bats
  A frilled lizard (D:1)
  2 kobolds (D:1)
  4 rats (D:1)
33 creatures vanquished.

Vanquished Creatures (others)
  75 foxfires
75 creatures vanquished.

Grand Total: 108 creatures vanquished

Notes
Turn   | Place    | Note
-------+----------+-------------------------------------------
     0 | D:1      | shmup the Tengu Fire Elementalist began the quest for the
                  | Orb.
     0 | D:1      | Reached XP level 1. HP: 10/10 MP: 4/4
   205 | D:1      | Reached XP level 2. HP: 9/15 MP: 0/6
   486 | D:1      | Reached skill level 4 in Fire Magic
   617 | D:1      | Reached XP level 3. HP: 18/19 MP: 3/7
   960 | D:2      | Learned a level 2 spell: Scorch
  1032 | D:2      | Noticed Robin
  1053 | D:2      | Slain by Robin

Illustrated notes

Levels and vault maps discovered:
D:1:      saegor_arrival_simple_a, layout_basic,
          nicolae_concentric_dashed_squares_wild,
          chequers_serial_rivers_micro_b, st_stairs_9, minmay_octomino_j4
D:2:      layout_loops_ring, basic_altar, uniq_crazy_yiuf_cottage, uniq_robin

Skill      XL: |  1  2 |
---------------+-------+-----
Conjurations   | 2 |  2.6
Fire Magic     | 4 |  4.4
Dodging        | |  2.1
Stealth        | |  2.0
Spellcasting   | |  2.0

Action                     || total
---------------------------++-------
  Melee: Unarmed           ||     2
         Peck              ||     1
         Short sword       ||     1
         Kick              ||     1
   Cast: Foxfire           ||    47
         Scorch            ||     1
 Armour: Robe              ||    11
  Dodge: Dodged            ||    34
